[Event "CIS Master Groups 2024"]
[Site "Vasto"]
[Date "2024.04.10"]
[Round "4.24"]
[White "Mazzilli, Piero"]
[Black "Rotondaro, Alberto"]
[Result "0-1"]
[ECO "B93"]
[WhiteElo "2311"]
[BlackElo "2148"]
[Annotator "TA"]
[PlyCount "71"]
[EventDate "2024.04.07"]
[EventType "team-tourn"]
[EventCountry "ITA"]
[SourceTitle "playchess.com"]
[Source "ChessBase"]
[SourceQuality "1"]
[TimeControl "40/5400+30:900+30"]

1. e4 c5 2. Nf3 d6 3. d4 cxd4 4. Nxd4 Nf6 5. Nc3 a6 6. f4 g6 7. Bd3 Bg7 8. Nf3 O-O 9. O-O Nbd7 {[%emt 0:05:06] Black has an edge.} 10. Qe1 Nc5 11. Qh4 b5 12. a3 Bb7 13. f5 Nxd3 (13... e5 $15) 14. cxd3 $14 Qb6+ 15. Kh1 Rfc8 16. fxg6 (16. Ne2 {simplifies} Qd8 17. Nfd4 Bc6 18. Nxc6 Rxc6 19. Bg5) 16... hxg6 17. Ng5 (17. Bh6 {simplifies} Bxh6 18. Qxh6 Qd8 19. Rae1) 17... a5 18. Rf3 b4 19. Be3 Qc7 20. Nb5 (20. Na4 $14) 20... Qd7 $11 21. a4 {[%emt 0:06:19] h3 is the strong threat.} Rc2 (21... Qg4 $11 {might be stronger.} 22. Qf2 b3) 22. h3 $14 {[%emt 0:03:45] Hoping for Raf1.} Ba6 (22... Rxb2 $2 23. Bd4 $18) 23. Raf1 $1 {[%emt 0:01:00] Black must now prevent Bd4.} Rac8 (23... Rxb2 $2 24. Bd4 $18) 24. Nd4 Rxb2 $2 {[%emt 0:01:15][%mdl 8192] [#]} (24... R2c7 $14) 25. Nb5 $4 Rbc2 $2 (25... Bxb5 $19 26. axb5 Rbc2 (26... Qxb5 $2 27. Rxf6 exf6 28. Qh7+ Kf8 29. Ne6+ fxe6 30. Bh6 $18)) 26. Bd4 $2 {[%emt 0:00:08][%mdl 8192] [#]} (26. Nd4 $1 $11 R2c7 (26... Bxd3 27. Rxf6 exf6 28. Qh7+ Kf8 29. Nde6+ $11) 27. Rxf6 exf6 28. Qh7+ Kf8 29. Nde6+ fxe6 30. Qxg6) 26... Rc1 $1 $19 27. Rxc1 Rxc1+ 28. Kh2 b3 ({Less strong is} 28... Bxb5 29. axb5 Rc8 (29... Qxb5 30. Rxf6 exf6 31. Qh7+ Kf8 32. Bxf6 $16) 30. b6 $19) 29. Qf4 $2 (29. e5 dxe5 30. Rxf6 exf6 31. Qh7+ Kf8 32. Bb2) 29... Rc2 30. e5 dxe5 31. Bxe5 Bxb5 32. axb5 Qxb5 33. Rf1 {[%emt 0:01:32] [#]} Qxe5 $3 34. Qxe5 {[%emt 0:00:02] [#]} Ng4+ $1 35. hxg4 (35. Kg3 Nxe5) 35... Bxe5+ 36. Kh3 {[%emt 0:00:02] Weighted Error Value: White=1.52/Black=0.35.  Loses game:     	---       	Black=1      Missed win:     	White=1     	Black=1      Mistake:       	White=2     	Black=2      Inaccurate:     	White=7     	Black=4      OK:         	White=5     	Black=6      Best:        	White=3     	Black=1      Strong:       	White=1     	Black=1} 0-1

[Event "CIS Master Groups 2024"]
[Site "Vasto"]
[Date "2024.04.11"]
[Round "5.1"]
[White "Moroni, Luca Jr"]
[Black "Saric, Ivan"]
[Result "0-1"]
[ECO "D02"]
[WhiteElo "2580"]
[BlackElo "2670"]
[Annotator "TA"]
[PlyCount "88"]
[EventDate "2024.04.07"]
[EventType "team-tourn"]
[EventCountry "ITA"]
[SourceTitle "playchess.com"]
[Source "ChessBase"]
[SourceQuality "1"]
[TimeControl "40/5400+30:900+30"]

1. Nf3 d5 2. d4 Nf6 3. c3 e6 4. Bf4 c5 5. e3 Bd6 6. Nbd2 cxd4 7. cxd4 Bxf4 8. exf4 {[%emt 0:05:56] The position is equal.} O-O 9. Bd3 Nc6 10. O-O Qb6 11. Nb3 a5 12. a4 Ne4 13. Bxe4 dxe4 14. Ne5 Nxe5 15. fxe5 Bd7 16. Nc5 Bc6 17. Qe2 Rfd8 18. Rfd1 Rd5 (18... Qb4 $15 19. Qe3 h6 (19... Qxb2 20. Nb3 $15)) 19. Nxe4 (19. Rac1 $1 $14) 19... Rxd4 $17 {[%emt 0:00:39] Black keeps a firm grip on the game.} 20. Rxd4 Qxd4 21. Nc3 h6 {[%emt 0:03:24] Black is more active.} 22. h3 Qf4 23. Rd1 (23. Nb5 $17) 23... Bxa4 $40 {[%emt 0:08:46][%mdl 128] Black has strong attack.} 24. Nxa4 Qxa4 {[%emt 0:00:06][%mdl 4096] Endgame. KQR-KQR} 25. Rd6 Rc8 26. g3 b5 27. Kg2 Qc2 28. Qxc2 Rxc2 {[%emt 0:00:04] KR-KR} 29. b3 Rc5 30. Ra6 b4 ({Much less strong is} 30... Rxe5 31. Rxa5 g5 32. Ra8+ Kg7 33. Rb8 $17) 31. Ra8+ Kh7 32. f4 h5 33. Ra7 Rc2+ 34. Kf3 Rc3+ 35. Kg2 Rxb3 {[%emt 0:00:17] [#] Strongly threatening ...Ra3.} 36. Rxa5 Rc3 37. Rb5 b3 38. Rb7 Kg6 39. h4 Rc2+ 40. Kf3 Rb2 41. Rb6 (41. Ke4 $142 Rb1 42. f5+ exf5+ 43. Kf3) 41... Rb1 42. Kg2 $2 (42. Rb5) 42... Kf5 {[%emt 0:05:26] Black is clearly winning.} 43. Rb7 Kg4 {[%emt 0:00:54] [#] ...g6 is the strong threat.} 44. Kf2 g6 {[%emt 0:01:20] Weighted Error Value: White=0.73/Black=0.08 (flawless) .  Mistake:       	White=4     	Black=1      Inaccurate:     	White=3     	---        OK:         	White=9     	Black=20     Best:        	White=3     	Black=3} 0-1

[Event "CIS Master Groups 2024"]
[Site "Vasto"]
[Date "2024.04.11"]
[Round "5.2"]
[White "Brunello, Sabino"]
[Black "Pelletier, Yannick"]
[Result "1/2-1/2"]
[ECO "E48"]
[WhiteElo "2515"]
[BlackElo "2524"]
[Annotator "TA"]
[PlyCount "37"]
[EventDate "2024.04.07"]
[EventType "team-tourn"]
[EventCountry "ITA"]
[SourceTitle "playchess.com"]
[Source "ChessBase"]
[SourceQuality "1"]
[TimeControl "40/5400+30:900+30"]

1. d4 Nf6 2. c4 e6 3. Nc3 Bb4 4. e3 O-O 5. Bd3 c5 6. Nge2 d5 7. a3 cxd4 8. axb4 dxc3 9. Nxc3 Nc6 10. b5 Nb4 11. cxd5 Nxd3+ {[%emt 0:12:45] The position is equal.} 12. Qxd3 Nxd5 13. Nxd5 exd5 14. O-O Qb6 15. Bd2 Bd7 16. Ra5 a6 17. bxa6 ({But not} 17. Qxd5 Bxb5 18. Qb3 Qg6 19. Rxb5 axb5 20. Qxb5 Qa6 $17) 17... bxa6 18. Qd4 ({Of course not} 18. Rxd5 Bb5 19. Qb3 Qe6 $15) 18... Qxd4 19. exd4 {[%emt 0:00:03] Not much happened in this game.   Weighted Error Value: White=0.05 (flawless) /Black=0.04 (flawless) .  Inaccurate:     	---       	Black=1      OK:         	White=3     	Black=6      Best:        	White=1     	Black=1} 1/2-1/2

[Event "CIS Master Groups 2024"]
[Site "Vasto"]
[Date "2024.04.11"]
[Round "5.3"]
[White "Borgo, Giulio"]
[Black "Dvirnyy, Danyyil"]
[Result "0-1"]
[ECO "C70"]
[WhiteElo "2309"]
[BlackElo "2480"]
[Annotator "TA"]
[PlyCount "106"]
[EventDate "2024.04.07"]
[EventType "team-tourn"]
[EventCountry "ITA"]
[SourceTitle "playchess.com"]
[Source "ChessBase"]
[SourceQuality "1"]
[TimeControl "40/5400+30:900+30"]

1. e4 e5 2. Nf3 Nc6 3. Bb5 a6 4. Ba4 Nge7 5. c3 Ng6 6. d4 {[%emt 0:02:07] C70: Ruy Lopez: 3...a6 4 Ba4, Norwegian and Delayed Schliemann.} exd4 7. Nxd4 ({White should play} 7. cxd4 $16 Bb4+ 8. Nc3) 7... Bc5 $11 8. Be3 Nce5 9. O-O $146 ({Predecessor:} 9. Bb3 d6 10. h3 O-O 11. f4 Qh4+ 12. Bf2 Qxf4 13. Qe2 Qc1+ 14. Qd1 Nd3+ 15. Kf1 Qxd1+ 16. Bxd1 Nxb2 {0-1 Niemann,H (2676)-Demchenko,A (2609) Titled Tuesday intern op 12th Mar Late blitz 2024 (8)}) 9... O-O {[%emt 0:01:32] [#]} (9... Nc4 {simplifies} 10. Bc1 O-O 11. Nd2 Nxd2 12. Bxd2 d5) 10. Nc6 (10. Nd2 $1 $11) 10... dxc6 $15 11. Bxc5 Qg5 (11... Nf4 {simplifies} 12. Qxd8 Rxd8 13. Bc2 Nfd3) 12. Be3 $1 (12. Bxf8 Nh4 (12... Bh3 $2 13. g3 $19) 13. g3 Nhf3+ $19) 12... Nf4 13. Bxf4 Qxf4 14. Qd2 Qxe4 15. Bc2 Qh4 (15... Qd5 {simplifies} 16. Qxd5 cxd5 17. Nd2 Bd7) 16. Re1 Nc4 17. Qe2 Be6 (17... Nxb2 18. Bb3 $16) 18. Nd2 Nxd2 (18... Nxb2 $2 19. Rab1 $18) 19. Qxd2 Rad8 20. Qe3 g6 21. Bb3 Rfe8 22. Rad1 Rxd1 23. Rxd1 Rd8 24. Re1 Rd6 25. g3 Qd8 26. Kg2 (26. Bxe6 $17 Rxe6 27. Qc1) 26... Bxb3 $19 27. Qe8+ Qxe8 28. Rxe8+ Kg7 29. axb3 Rd2 30. Rb8 b6 (30... Rxb2 31. Rxb7 a5 32. Rxc7 $11) 31. Rb7 Rxb2 32. b4 Rb3 33. Rxc7 Rxc3 34. Rb7 b5 35. Rb6 Kf6 36. Rxa6 Rc4 37. f4 Ke6 (37... Rxb4 38. Rxc6+ Kf5 39. Rc7 $17) 38. Kf3 h5 (38... Rxb4 39. Rxc6+ Ke7 40. Rb6 $17) 39. h3 f5 (39... Rxb4 40. Rxc6+ Kd7 41. Rb6 $17) ({Weaker is} 39... Kd5 40. Ra7 $19) 40. Ke3 (40. g4 $142) 40... Kd5 $19 ({Not} 40... Rxb4 41. Rxc6+ Kf7 42. Rc7+ Ke8 43. Rb7 $11) 41. Ra8 Re4+ 42. Kf3 Rxb4 43. Rg8 Rb3+ 44. Kf2 b4 45. Rxg6 Rc3 46. Rf6 b3 47. Rxf5+ Kd4 48. Rf8 Rc5 49. Rd8+ Rd5 50. Rb8 Rb5 51. Rd8+ Kc3 52. Ke3 b2 53. Rd3+ Kc4 0-1

[Event "CIS Master Groups 2024"]
[Site "Vasto"]
[Date "2024.04.11"]
[Round "5.4"]
[White "Gilevych, Artem"]
[Black "Podetti, Davide"]
[Result "1-0"]
[ECO "D36"]
[WhiteElo "2417"]
[BlackElo "2280"]
[Annotator "TA"]
[PlyCount "97"]
[EventDate "2024.04.07"]
[EventType "team-tourn"]
[EventCountry "ITA"]
[SourceTitle "playchess.com"]
[Source "ChessBase"]
[SourceQuality "1"]
[TimeControl "40/5400+30:900+30"]

1. c4 e6 2. Nc3 d5 3. d4 Nf6 4. cxd5 exd5 5. Bg5 c6 6. e3 Be7 7. Bd3 O-O 8. Qc2 Nbd7 9. Nf3 Re8 10. O-O Nf8 11. Rae1 g6 12. Ne5 N6d7 13. Bxe7 Qxe7 14. f4 {[%emt 0:00:05] White is slightly better.} f5 15. Kh1 Nxe5 16. fxe5 Be6 17. Na4 Nd7 18. b4 b5 19. Nc5 Nxc5 20. bxc5 Rf8 21. a4 a6 22. Ra1 Ra7 23. Rf3 Qg7 24. Qd2 Raf7 25. axb5 axb5 26. Ra6 Bd7 {[%emt 0:01:14] [#]} 27. e6 $1 Bxe6 28. Rxc6 Bd7 {[%emt 0:00:10][%cal Be6d7,Bd7f5,Bf5e4][%mdl 32] [#]} 29. Rb6 f4 30. Bxb5 {[%emt 0:01:13] White is much more active.} (30. Rxf4 $2 Rxf4 31. exf4 Qxd4 $19) 30... fxe3 31. Qxe3 Re8 32. Qf2 Rfe7 (32... Ra8 $16 33. Bf1 Rxf3 34. gxf3 Qe7) 33. Bf1 $18 Bf5 34. Rfb3 (34. h3 $18) 34... Rf8 (34... Rf7 $1 $14 35. Rf3 h6) 35. Rb8 $16 Ree8 (35... Be4 $16 {was necessary.}) 36. Rxe8 $18 Rxe8 37. h3 Be4 (37... Rf8 $142) 38. Be2 Ra8 39. Kh2 h5 40. Bf3 {[%emt 0:00:22] Bxe4 is the strong threat.} Rf8 41. Rb6 {[%emt 0:06:30] aiming for Qg3.} Kh7 $2 (41... Qh6 {keeps fighting.} 42. h4 Qf4+ 43. Qg3 Bxf3) 42. Re6 $2 ({White must play} 42. Qe3 $18 Qc7+ 43. Rd6 Bxf3 44. gxf3) 42... Bxf3 {[%emt 0:05:00][%mdl 8192] This costs Black the game.} (42... Qf7 $1 $11 43. Re5 Qf4+ 44. Qg3 Bxf3 45. Qxf4 (45. gxf3 Qd2+ 46. Kh1 Qxd4 $11) 45... Rxf4) 43. gxf3 $11 {[%emt 0:00:19][%mdl 4096] Endgame. KQR-KQR} Rf4 44. Re5 Qf6 45. Kg2 (45. Rxd5 $2 {too greedy.} Rxf3 46. Rd7+ Kh8 $19) 45... Qf7 $2 (45... Qd8 46. Qe3 Rf7) 46. Qe3 $18 {[%emt 0:00:31] Hoping for Re7.} Kh6 {[%emt 0:01:19] [#]} 47. Rxd5 $3 Qxd5 48. Qxf4+ Kh7 49. Qc7+ {[%emt 0:00:23] Weighted Error Value: White=0.30/Black=0.54.  Loses game:     	---       	Black=1      Missed win:     	White=1     	---        Mistake:       	White=1     	Black=6      Inaccurate:     	White=3     	Black=6      OK:         	White=16    	Black=9      Best:        	White=5     	Black=1} 1-0

[Event "CIS Master Groups 2024"]
[Site "Vasto"]
[Date "2024.04.11"]
[Round "5.5"]
[White "Favaloro, Andrea"]
[Black "Livaic, Leon"]
[Result "0-1"]
[ECO "D02"]
[WhiteElo "2412"]
[BlackElo "2549"]
[Annotator "TA"]
[PlyCount "168"]
[EventDate "2024.04.07"]
[EventType "team-tourn"]
[EventCountry "ITA"]
[SourceTitle "playchess.com"]
[Source "ChessBase"]
[SourceQuality "1"]
[TimeControl "40/5400+30:900+30"]

1. Nf3 d5 2. g3 Nc6 3. d4 Bf5 4. Bg2 e6 5. O-O Nb4 6. Ne1 Be7 7. c3 Nc6 8. Nd3 {[%emt 0:00:51] The position is equal.} Nf6 9. Bg5 O-O 10. Re1 h6 11. Bxf6 Bxf6 12. Nd2 Bxd3 13. exd3 Ne7 14. Nf3 b6 15. Qa4 c5 16. dxc5 bxc5 17. Nd2 Rb8 18. Nb3 Qc7 19. Rab1 Rfc8 20. Rec1 c4 21. dxc4 Qxc4 22. Qxc4 Rxc4 23. Nd2 Rc7 24. h4 a5 25. a4 g6 26. Bf1 Nf5 27. Bd3 Nd6 28. c4 dxc4 {[%emt 0:22:42] Black has more active pieces.} 29. Nxc4 Nxc4 30. Rxc4 Rd7 31. Be4 Rxb2 32. Rxb2 Bxb2 $15 {[%emt 0:00:03][%mdl 4096] Endgame. KRB-KRB} 33. Rc2 Rd1+ 34. Kg2 Bd4 35. Bf3 Ra1 36. Bc6 Kg7 37. Bb5 f5 38. Re2 Kf6 39. Bd7 e5 40. f3 Rg1+ 41. Kh2 Rc1 42. Kg2 h5 43. Be8 Rc8 44. Bd7 Rc7 45. Be8 g5 46. Bxh5 gxh4 47. gxh4 Rc8 {[%emt 0:00:00] Dodges Be8} 48. f4 e4 (48... exf4 $17 {...Rh8 would now be deadly.} 49. Re8 Rc2+ 50. Kh1 Rc3 51. Rf8+ Ke6) 49. Rd2 Be3 50. Rd6+ Ke7 51. Rd5 Ke6 52. Rxa5 Rg8+ 53. Kf1 (53. Kh3 $1 $11) 53... Rg1+ $17 ({Reject} 53... Bxf4 $6 54. Bf7+ Kxf7 55. Rxf5+ Ke6 56. Rxf4 $11) 54. Ke2 Bxf4 55. Kf2 (55. Rb5 $17 {is a better defense.}) 55... Rg7 (55... Rh1 $19 56. Rb5 Rxh4) 56. Be2 {[%emt 0:01:34] [#]} Bg3+ $1 57. Ke3 Bxh4 58. Ra6+ (58. Bc4+ $17 Kf6 59. Ra6+ Kg5 60. Ra5) 58... Ke5 $19 59. Ra5+ Kf6 60. Ra6+ Kg5 61. Re6 Be1 62. Bb5 Bb4 (62... Rb7 $19 {and Black stays clearly on top.} 63. Re8 Bb4 64. Rg8+ Kf6) 63. Re5 $2 (63. Kd4 $17) 63... Rc7 64. Rd5 $2 (64. Re8) 64... Rc3+ (64... Rc2 $142 {aiming for ...Bc5+.} 65. Kd4 Kf4) 65. Ke2 {[%emt 0:00:05] [#]} (65. Kd4 {only move.}) 65... Rc2+ $1 66. Kd1 Rf2 $2 (66... Ra2 $19 {has better winning chances. ...Bc3 is the strong threat.} 67. Bd7 e3) 67. Bd7 $2 (67. Be2 $17) 67... Kf6 68. a5 $2 (68. Be8) 68... e3 69. Bb5 {[%emt 0:00:11] Repels e2+} Bxa5 70. Be2 Bc7 (70... Bb4 $142 71. Rd4 Be7) 71. Rd7 (71. Rc5 $142 Bd6 72. Rc2) 71... Be5 {[%emt 0:00:10] Threatens to win with ...f4.} 72. Rd8 f4 73. Rf8+ Ke7 {[%emt 0:00:14] ( -> ...Rxe2)} 74. Rf5 Ke6 75. Rf8 Bf6 76. Bg4+ Ke7 77. Rc8 Rd2+ {[%emt 0:00:35] Black mates.} 78. Ke1 Bh4+ 79. Kf1 {[%emt 0:00:04] [#]} f3 $1 80. Rc7+ Kf6 81. Rc6+ Ke5 82. Bxf3 Rf2+ 83. Ke1 Rxf3+ 84. Ke2 Rg3 {[%emt 0:00:24] Weighted Error Value: White=0.14 (very precise) /Black=0.08 (flawless) .  Loses game:     	White=2     	---        Missed win:     	---       	Black=1      Mistake:       	White=6     	Black=4      Inaccurate:     	White=1     	Black=1      OK:         	White=17    	Black=18     Best:        	White=7     	Black=10     Strong:       	---       	Black=2} (84... Rh3 $142 85. Kd3 Bg5 86. Rc2 Kf4 87. Rg2 Rh1 88. Re2 Kf3 89. Rc2 Rd1+ 90. Kc4 e2 91. Rxe2 Kxe2 92. Kc5 Bf4 93. Kc6 Rd6+ 94. Kc7 Kd3 95. Kb8 Kc4 96. Kb7 Rd7+ 97. Kc8 Rf7 98. Kd8 Kd5 99. Kc8 Ke6 100. Kd8 Rf8#) 0-1

[Event "CIS Master Groups 2024"]
[Site "Vasto"]
[Date "2024.04.11"]
[Round "5.6"]
[White "Marchesich, Giovanni"]
[Black "Iturrizaga Bonelli, Eduardo"]
[Result "0-1"]
[ECO "B41"]
[WhiteElo "2226"]
[BlackElo "2589"]
[Annotator "TA"]
[PlyCount "62"]
[EventDate "2024.04.07"]
[EventType "team-tourn"]
[EventCountry "ITA"]
[SourceTitle "playchess.com"]
[Source "ChessBase"]
[SourceQuality "1"]
[TimeControl "40/5400+30:900+30"]

1. e4 c5 2. Nf3 e6 3. d4 cxd4 4. Nxd4 a6 5. c4 Nf6 6. Nc3 Bb4 7. Qd3 O-O 8. e5 Ne8 9. Be2 {[%emt 0:00:00] White is slightly better.} Qc7 10. Nc2 Nc6 11. f4 (11. Nxb4 $11 Nxb4 12. Qd1) 11... Be7 $15 12. O-O d6 13. exd6 Nxd6 14. b3 Rd8 15. Bb2 Nf5 16. Qh3 Rd2 ({Black should play} 16... b5 $1 $17 {...Rd2 is the strong threat.} 17. Kh1 bxc4 18. Bxc4 Bf6) 17. Bd3 $11 Nh4 18. Ne2 (18. Be4 $15) 18... Qb6+ 19. Kh1 {[%emt 0:00:00] [#] And now Bc3 would win.} e5 $1 $36 {[%emt 0:00:03][%mdl 2048] White is under strong pressure. Really sharp! Black is more active.} 20. Qg3 {[%emt 0:00:00] This costs White the game.} (20. f5 $17 Qd8 21. Nc1) 20... Bf5 $19 21. Rad1 {[%emt 0:00:00] [#]} Rxe2 22. Bxe2 Bxc2 23. Rd2 Be4 24. Bf3 Nxf3 25. gxf3 Bf5 26. Rg1 g6 27. fxe5 Qe3 28. Rgd1 Re8 29. Qf2 Qf4 30. a3 (30. Re2 $142) 30... Nxe5 31. Re2 Nd3 {[%emt 0:00:41] Weighted Error Value: White=0.26 (precise) /Black=0.08 (flawless) .  Mistake:       	White=4     	Black=1      Inaccurate:     	White=1     	---        OK:         	White=4     	Black=11     Best:        	White=3     	Black=3      Strong:       	---       	Black=1      Brilliant:      	---       	Black=1} (31... Nxf3 $2 {perishes.} 32. Rxe7 Rf8 33. Rf1 $18 (33. Rxb7 $2 {is the wrong capture.} Be4 $19) (33. Qg3 Qxg3 34. hxg3 Ng5 $18)) (31... Qxf3+ $2 32. Qxf3 Nxf3 33. Rxe7 $18) 0-1

[Event "CIS Master Groups 2024"]
[Site "Vasto"]
[Date "2024.04.11"]
[Round "5.8"]
[White "Sorbera, Giovanni"]
[Black "Varriale, Luca"]
[Result "0-1"]
[ECO "B20"]
[WhiteElo "2148"]
[BlackElo "2165"]
[Annotator "TA"]
[PlyCount "152"]
[EventDate "2024.04.07"]
[EventType "team-tourn"]
[EventCountry "ITA"]
[SourceTitle "playchess.com"]
[Source "ChessBase"]
[SourceQuality "1"]
[TimeControl "40/5400+30:900+30"]

1. e4 c5 2. b4 cxb4 3. a3 d5 4. exd5 Qxd5 5. Nf3 e5 6. c4 {[%emt 0:02:44] B20: Sicilian: Unusual White 2nd moves.} Qe6 7. Bd3 Nc6 8. O-O Nf6 9. Re1 Bd6 10. axb4 Nxb4 11. Bf1 O-O 12. Nc3 e4 13. Nb5 Qd7 14. Ng5 Bc5 $146 ({Predecessor:} 14... Re8 15. d3 Nxd3 16. Nxd6 Qxd6 17. g3 Bg4 18. Qd2 Rad8 19. Bxd3 Qxd3 20. Qb4 h6 {0-1 Michalek,M (1973)-Eife,G (1580) GER-Cup24 E/V02 email 2014}) 15. Nxe4 Nxe4 16. Rxe4 Nd3 17. Bxd3 Qxd3 18. Qf3 Qxf3 19. gxf3 Bd7 20. d4 Bxb5 21. cxb5 f5 22. dxc5 fxe4 23. fxe4 a6 24. b6 Rae8 25. Ra4 Rf6 26. Kf1 Rc6 27. Be3 Kf7 28. Ke2 Re5 29. Kd3 g5 30. Bd4 Re8 31. Ra1 Rd8 32. Ke3 Rh6 33. Rg1 Rg8 34. Be5 Re6 (34... Ke6 $15 35. Kd4 Rh3) 35. Bc7 Ke7 36. Kd4 Kd7 37. f4 Rge8 38. Rxg5 Rxe4+ 39. Kd5 Re2 40. Be5 (40. Rg7+ $1 $11 Kc8 (40... R8e7 41. Rxe7+ Rxe7 42. Be5 $11) 41. Bd6 Rd2+ (41... Rxh2 42. Rc7+ Kd8 43. Rxb7 Rh5+ 44. Kc6) 42. Kc4 Re4+ 43. Kc3) 40... Rd2+ $17 (40... Rxh2 41. Rg7+ Re7 42. Rxe7+ Kxe7 43. c6 bxc6+ (43... Rd2+ $2 44. Ke4 $18) 44. Ke4 Re2+ 45. Kf5 $18) 41. Bd4 $2 (41. Kc4 $17 Kc6 (41... Rxh2 42. Rg7+ Ke6 43. Rxb7 $16) 42. Rh5 Rc2+ 43. Kd3 Rxc5 44. Rh6+ Kd7 (44... Kb5 45. Rxh7 Rc1 46. Rxb7 $17) 45. Rxh7+ Re7 46. Rh8) 41... Kc8 (41... Rxh2 42. Rg7+ Re7 43. Rg8 $11 (43. Rxe7+ Kxe7 44. c6 bxc6+ 45. Kxc6 Rh6+ 46. Kc7 Rg6 $11)) 42. Kc4 Re4 $1 (42... Rxh2 43. Rg7 Rc2+ 44. Kb3 $11) 43. Rg8+ Kd7 44. Rg7+ Ke6 45. f5+ Kxf5 46. Rd7 Ke6 $1 (46... Rxh2 $2 47. Rxb7 Rd2 48. Rd7 Rc2+ 49. Kd5 Rxd4+ 50. Kxd4 Rd2+ 51. Kc4 Rxd7 52. c6 $18) 47. c6 {[%emt 0:00:04] [#]} Rexd4+ (47... Rxh2 $2 48. cxb7 (48. Rxb7 Rg4 $16) 48... Kxd7 49. b8=Q $18 (49. b8=B $2 Rhh4 $19)) (47... bxc6 48. b7) (47... Rc2+ $1 $19 {[%mdl 512] and Black stays clearly on top.} 48. Kd3 Rxc6 49. Rxb7 Rh4) 48. Rxd4 $17 Rc2+ (48... Rxh2 49. cxb7 Rc2+ 50. Kb3 Rf2 51. b8=Q (51. b8=R Rf1 $18) 51... Rf5 52. b7 Rf3+ 53. Kc4) 49. Kb4 (49. Kd3 $17 {keeps fighting.} Rxc6 (49... Rxh2 50. c7 Ke5 51. c8=Q) 50. Rh4) 49... Rxc6 $19 50. Rh4 Rxb6+ 51. Ka4 Rb1 52. Rxh7 {[%emt 0:00:53] [#]} Kd5 (52... b6 $142 $1 {Threatens to win with ...Kd5.} 53. Rh6+ Kd5) 53. Rc7 $2 (53. Ka5 $17 {was the crucial defense.}) 53... Kd6 54. Rc2 b5+ $2 (54... Ra1+ $19 55. Kb4 Rb1+ 56. Ka3 Rb5) 55. Ka5 $11 Ra1+ 56. Kb4 $2 (56. Kb6 $11) 56... Ra4+ $19 57. Kb3 a5 58. Rg2 Rb4+ 59. Ka3 Ra4+ (59... Rh4 $142 60. Rg5 Kc6 (60... Rxh2 61. Rxb5 Rh1 62. Ka2 $11)) 60. Kb3 $19 Rb4+ 61. Ka3 Re4 62. h4 Rxh4 63. Rg5 Rh3+ (63... Kc6 $142 64. Rg3 Kd5) 64. Kb2 $19 {[%emt 0:00:36] [#]} Rh2+ $1 65. Ka3 b4+ 66. Ka4 Ra2+ 67. Kb3 Ra3+ 68. Kc4 Ra1 (68... b3 $142 69. Kc3 a4) 69. Rh5 Rc1+ 70. Kb5 b3 71. Rh2 Rc2 $2 (71... Ra1 $19 {( -> ...a4)} 72. Kc4 a4) 72. Rh3 $2 (72. Rh6+ $11 Kd5 73. Ka4) 72... b2 73. Rb3 Kd5 74. Ka4 Kc4 75. Rb8 b1=Q 76. Rxb1 Ra2# 0-1

[Event "CIS Master Groups 2024"]
[Site "Vasto"]
[Date "2024.04.11"]
[Round "5.9"]
[White "Mastrovasilis, Dimitrios"]
[Black "Lazic, Miroljub"]
[Result "1/2-1/2"]
[ECO "C45"]
[WhiteElo "2576"]
[BlackElo "2311"]
[Annotator "TA"]
[PlyCount "96"]
[EventDate "2024.04.07"]
[EventType "team-tourn"]
[EventCountry "ITA"]
[SourceTitle "playchess.com"]
[Source "ChessBase"]
[SourceQuality "1"]
[TimeControl "40/5400+30:900+30"]

1. e4 e5 2. Nf3 Nc6 3. d4 exd4 4. Nxd4 Nge7 5. Nc3 Nxd4 6. Qxd4 Nc6 7. Qe3 {[%emt 0:00:44] White is more active.} Bb4 8. Bd2 d6 9. O-O-O O-O {[%emt 0:05:22] White is slightly better.} 10. h4 f5 11. h5 {[%emt 0:15:48] [#] Hoping for Bc4+.} f4 12. Qe1 Be6 13. f3 Qg5 14. a3 Ba5 15. Kb1 Rf7 16. Ne2 ({White should try} 16. Bc1 $14) 16... Bxd2 $1 $11 17. Qxd2 {[%emt 0:00:14][%cal Og2g3] [#] And now g3! would win.} Bc4 (17... h6 $11 {is more appropriate.}) 18. Nc3 Bxf1 19. Rdxf1 h6 20. Rf2 Raf8 21. Nd5 Qd8 22. Qc3 Kh7 23. Rd2 Ne5 24. b3 Rd7 {[%emt 0:05:13] The position is equal.} 25. g3 fxg3 26. f4 c6 27. fxe5 dxe5 28. Qxg3 cxd5 29. Qxe5 dxe4 30. Qxe4+ Kh8 31. Rxd7 Qxd7 {[%emt 0:00:26][%mdl 4096] Endgame. KQR-KQR} 32. Re1 Rf5 33. Qg4 Rd5 34. Qg6 {[%emt 0:01:14] Threatening mate with Re8+.} Rd1+ 35. Rxd1 Qxd1+ {[%emt 0:00:03] KQ-KQ} 36. Ka2 Qd7 37. a4 Kg8 38. Qe4 Qc6 39. Qf5 b6 40. Kb1 Qc5 41. Qe6+ Kf8 42. Qg4 a5 43. Qg6 Qd4 44. Ka2 Ke7 45. Qg3 Kf6 46. Qg6+ Ke7 47. Qg3 Kf6 48. Qg6+ Ke5 $2 {[%emt 0:07:08][%mdl 40960] Weighted Error Value: White=0.07 (flawless) /Black=0.06 (flawless) .  Loses game:     	---       	Black=1      Mistake:       	White=1     	Black=1      Inaccurate:     	White=2     	---        OK:         	White=10    	Black=21     Best:        	White=1     	Black=3      Strong:       	---       	Black=1     . An unexpected result.} (48... Ke7 $11) 1/2-1/2